 Dungeon Crawl Stone Soup version 0.30-a0-1157-g2cc9ac7196 (webtiles) character file.

Game seed: 10181459879771586438

49 Yeetaclus the Sneak (level 4, -1/27 HPs)
             Began as a Kobold Brigand on Apr 24, 2023.
             Was an Initiate of Vehumet.
             Slain by a black bear (5 damage)
             ... on level 3 of the Dungeon.
             The game lasted 00:15:01 (2547 turns).

Yeetaclus the Sneak (Kobold Brigand)                Turns: 2547, Time: 00:15:02

Health: -1/27      AC:  7    Str:  8    XL:     4   Next: 1%
Magic:  4/4        EV:  6    Int: 12    God:    Vehumet [......]
Gold:   87         SH:  4    Dex: 18    Spells: 3/3 levels left

rFire   . . .        a - +2 dagger
rCold   . . .        (no shield)
rNeg    . . .        o - +0 chain mail
rPois   .            (no helmet)
rElec   .            c - +0 cloak
rCorr   .            h - +1 pair of gloves
SInv    +            (no boots)
Will    .....        j - amulet of regeneration
Stlth   ++           p - ring of see invisible
HPRegen 1.04/turn    (no ring)
MPRegen 0.09/turn

%: no passive effects
@: no status effects
A: small, no large weapons, nightstalker 3, large bone plates 1, deformed body
a: Renounce Religion


You were on level 3 of the Dungeon.
You worshipped Vehumet.
Vehumet was noncommittal.
You visited 1 branch of the dungeon, and saw 3 of its levels.

You collected 87 gold pieces.

Inventory:

Hand Weapons
 a - a +2 dagger (weapon)
Missiles
 d - 9 poisoned darts (quivered)
 e - 3 curare-tipped darts
Armour
 b - a +0 robe
 c - a +0 cloak (worn)
 h - a +1 pair of gloves (worn)
 k - a +0 chain mail
 o - a +0 chain mail (worn)
Jewellery
 j - an amulet of regeneration (around neck)
 p - a ring of see invisible (left hand)
Scrolls
 f - 2 scrolls of enchant armour
 g - 4 scrolls of identify
 i - a scroll of enchant weapon {unknown}
Potions
 l - 2 potions of heal wounds {unknown}
 m - a potion of flight
 n - a potion of curing {unknown}


   Skills:
 + Level 2.4 Fighting
 + Level 3.1 Short Blades
 + Level 2.6 Throwing
 + Level 1.4 Dodging
 + Level 6.6 Stealth


You had 3 spell levels left.
You didn't know any spells.
Your spell library contained the following spells:

 Spells                   Type           Power      Damage    Failure   Level
 Blink                    Tloc           0%         N/A       100%        2
 Lesser Beckoning         Tloc           0%         N/A       100%        2
 Momentum Strike          Conj/Tloc      0%         3d8       100%        2


Dungeon Overview and Level Annotations

Branches:
Dungeon (3/15)

Altars:
Vehumet


Innate Abilities, Weirdness & Mutations

You are small and have problems with some larger weapons.
You are completely attuned to the shadows.
You are partially covered in large bone plates. (SH +4)
Armour fits poorly on your strangely shaped body.


Message History

* * * LOW HITPOINT WARNING * * *
The black bear claws you but does no damage. x2
The black bear barely misses you. The black bear claws you.
* * * LOW HITPOINT WARNING * * *
The black bear claws you but does no damage.
The black bear attacks as you move away!
The black bear bites you but does no damage.
The black bear claws you but does no damage.
You block the black bear's attack.
Found a bubbling pink potion.
Found a stone staircase leading down.
The black bear bites you but does no damage.
The black bear barely misses you.
The black bear claws you but does no damage.
The black bear attacks as you move away!
The black bear bites you but does no damage.
The black bear barely misses you.
The black bear claws you but does no damage.
You hit the black bear.
The black bear is heavily wounded.
The black bear completely misses you. The black bear claws you.
The black bear claws you but does no damage.
You hit the black bear.
The black bear is severely wounded.
The black bear bites you.
The black bear claws you but does no damage. x2
You hit the black bear but do no damage.
The black bear is severely wounded.
The black bear barely misses you. The black bear claws you. x2
You hit the black bear. You punch the black bear.
The black bear is severely wounded.
The black bear goes berserk!
The black bear bites you!
* * * LOW HITPOINT WARNING * * *
The black bear claws you.
* * * LOW HITPOINT WARNING * * *
You block the black bear's attack. The black bear barely misses you.
The black bear claws you but does no damage.
The black bear claws you.
You die...

##.# #..
##!# #..####
##.KK..#
##..###h###.
#...# #@....
#.#K# ######
...#.#
>###.######
# #...#<...+
#.#.###.####
##.#.K...#
.......#.#
.......#.#


You could see a black bear (berserk).

Vanquished Creatures
  A worm (D:2)
  2 dart slugs (D:1)
  5 ball pythons (D:2)
  5 endoplasms
  4 giant cockroaches
  6 hobgoblins
  A quokka (D:1)
  A bat (D:2)
  2 frilled lizards (D:2)
  2 goblins
  3 kobolds
  7 rats
39 creatures vanquished.

Notes
Turn   | Place    | Note
-------+----------+-------------------------------------------
     0 | D:1      | Yeetaclus the Kobold Brigand began the quest for the Orb.
     0 | D:1      | Reached XP level 1. HP: 12/12 MP: 1/1
   275 | D:1      | Reached XP level 2. HP: 17/17 MP: 2/2
   699 | D:1      | Gained mutation: You are partially covered in large bone
                  | plates. (SH +4) [potion of mutation]
   699 | D:1      | Gained mutation: Armour fits poorly on your strangely
                  | shaped body. [potion of mutation]
   849 | D:1      | Reached skill level 6 in Stealth
   893 | D:1      | Reached XP level 3. HP: 22/22 MP: 3/3
  2167 | D:2      | Found a radiant altar of Vehumet.
  2175 | D:2      | Became a worshipper of Vehumet
  2511 | D:3      | Noticed a black bear
  2518 | D:3      | Reached XP level 4. HP: 27/27 MP: 4/4
  2547 | D:3      | Slain by a black bear

Illustrated notes

Levels and vault maps discovered:
D:1:      sevenhm_arrival_forest_fort_small_6, layout_loops_ring
D:2:      layout_basic, basic_altar, kennysheep_generic_room_11
D:3:      layout_basic, vehumet_altar_wand_db, overflow_temple_1_default,
          mainiacjoe_overflow_catwalk, uniq_ijyb

Skill      XL: |  1  2  3 |
---------------+----------+-----
Stealth        | 6 |  6.6
Short Blades   | 3 |  3.1
Fighting       | |  2.4
Throwing       | |  2.6
Dodging        | |  1.4

Action                     |  1- 3 |  4- 6 || total
---------------------------+-------+-------++-------
  Melee: Dagger            |   104 |    12 ||   116
         Punch             |       |     1 ||     1
    Use: Potion            |     3 |       ||     3
         Scroll            |     2 |       ||     2
   Stab: Sleeping          |    22 |       ||    22
 Armour: Skin              |     7 |       ||     7
         Chain mail        |     5 |    22 ||    27
         Robe              |     5 |       ||     5
  Dodge: Dodged            |    53 |     8 ||    61
  Block: Other             |    13 |     3 ||    16

Table legend: (Time is in decaauts)
 A = Elapsed time spent in this place.
 B = Non-inter-level travel time spent in this place.
 C = Inter-level travel time spent in this place.
 D = Time resting spent in this place.
 E = Time spent auto-exploring this place.
 F = Levels seen in this place.
 G = Mean time per level.
                   A        B        C        D        E       F      G
               +--------+--------+--------+--------+--------+-----+--------+
         Total |   2529 |   2511 |     18 |      0 |      0 |   3 |  843.0 |
       Dungeon |   2529 |   2511 |     18 |      0 |      0 |   3 |  843.0 |
               +--------+--------+--------+--------+--------+-----+--------+

Top non-repeatable levels by time:
     D:2: 1310 daAuts
     D:1: 1166 daAuts
     D:3: 52 daAuts
